 Dungeon Crawl Stone Soup version 0.28-a0-1447-ga5a8893891 (webtiles) character file.

Game seed: 11190292824932269877

296 Hasart the Cudgeller (level 6, -12/42 HPs)
             Began as an Octopode Transmuter on Jan 10, 2022.
             Mangled by Menkaure (25 damage)
             ... on level 4 of the Dungeon.
             The game lasted 00:05:25 (2524 turns).

Hasart the Cudgeller (Octopode Transmuter)          Turns: 2524, Time: 00:05:26

Health: -12/42     AC:  1    Str: 11    XL:     6   Next: 35%
Magic:  9/9        EV: 14    Int: 15    God:
Gold:   105        SH:  0    Dex: 13    Spells: 6/9 levels left

rFire   . . .      SeeInvis .   b - +2 whip (elec)
rCold   . . .      Faith    .   (no shield)
rNeg    . . .      Spirit   .   (helmet restricted)
rPois   .          Reflect  .   (no amulet)
rElec   .          Harm     .   (no ring)
rCorr   .          Rampage  .   (no ring)
Will    .....                   (no ring)
Stlth   ++........              (no ring)
HPRegen 0.14/turn               (no ring)
MPRegen 0.11/turn               (no ring)
                                (no ring)
                                (no ring)

@: no status effects
A: almost no armour, amphibious, 8 rings, camouflage 1, gelatinous body 1,
(nimble swimmer 1), tentacles
a: no special abilities


You were on level 4 of the Dungeon.
You visited 1 branch of the dungeon, and saw 4 of its levels.

You collected 105 gold pieces.

Inventory:

Hand Weapons
 b - a +2 whip of electrocution (weapon)
 i - a +6 club
Wands
 h - a wand of polymorph (7)
Scrolls
 a - 2 scrolls of immolation {unknown}
 c - a scroll of amnesia {unknown}
 f - 2 scrolls of enchant weapon {unknown}
Potions
 d - a potion of haste {unknown}
 e - a potion of mutation {unknown}
 g - a potion of curing {unknown}


   Skills:
 + Level 3.0 Fighting
 * Level 3.8 Maces & Flails
 + Level 3.4 Dodging
 - Level 3.2 Unarmed Combat
 - Level 2.1 Spellcasting
 + Level 2.4 Transmutations


You had 6 spell levels left.
You knew the following spells:

 Your Spells              Type           Power      Damage    Failure   Level
a - Beastly Appendage     Tmut           16%        N/A       9%          1
b - Wereblood             Tmut           8%         N/A       12%         2

Your spell library contained the following spells:

 Spells                   Type           Power      Damage    Failure   Level
 Animate Skeleton         Necr           2%         N/A       22%         1
 Apportation              Tloc           2%         N/A       22%         1
 Summon Small Mammal      Summ           4%         N/A       22%         1
 Spider Form              Tmut/Pois      5%         N/A       38%         3
 Ice Form                 Ice/Tmut       5%         N/A       80%         4
 Alistair's Intoxication  Tmut/Pois      3%         N/A       98%         5


Dungeon Overview and Level Annotations

Branches:
Dungeon (4/15)
 Temple: D:4-7

Altars:
Wu Jian
Xom

Shops:
D:2 [**?*

Annotations:
D:4 Menkaure


Innate Abilities, Weirdness & Mutations

You cannot wear most types of armour.
You are amphibious.
You can wear up to eight rings at the same time.
Your skin changes colour to match your surroundings (Stealth+).
Your rubbery body absorbs attacks. (AC +1, EV +1)
((You are camouflaged when in or above water. (Stealth+)))
You have tentacles for arms and can constrict up to eight enemies at once.


Message History

You see here 9 gold pieces.
An orc is nearby!
An orc is nearby!
You barely miss the orc. Your grab misses the orc. Your squeeze misses the orc.
The orc misses you.
You whack the orc!
You kill the orc!
No target in view!
No target in view!
Things that are here:
a +0 dagger; a +0 leather armour You now have 105 gold pieces (gained 9).
Menkaure, Prince of Dust comes into view.
Menkaure is nearby!
Menkaure is nearby!
Menkaure calls on the powers of darkness!
Your body is wracked with pain!
There is a stone staircase leading up here.
You climb upwards.
There is a stone staircase leading down here.
You start resting.
HP restored.
You climb downwards.
Level annotation: Menkaure
There is a stone staircase leading up here.
Menkaure casts a spell.
Menkaure seems to speed up.
Menkaure calls on the powers of darkness!
Your body is wracked with pain!
Menkaure calls on the powers of darkness!
Your body is wracked with pain!
You barely miss Menkaure. Your grab misses Menkaure. Menkaure misses you.
You hit Menkaure. You grab Menkaure. You squeeze Menkaure.
Menkaure is moderately damaged.
You constrict Menkaure. Menkaure barely misses you.
You hit Menkaure but do no damage.
Menkaure is moderately damaged.
You constrict Menkaure. Menkaure hits you!!
Ouch! That really hurt!
You die...

##..# . ###..#
... ###...#
..$..###.....##
..............#
......####....#
..... #..[.##
.M.. #.M...#
... #.@...# ..
#.....# .
##....# #....#
#....# ##<.##
####


You could see Menkaure (fast).

Vanquished Creatures
  Sigmund (D:2)
  Ijyb (D:3)
  Natasha (twice) (D:3)
  2 adders (D:2)
  2 orcs
  3 ball pythons
  4 endoplasms
  A giant cockroach (D:3)
  5 goblins
  A hobgoblin (D:2)
  7 jackals
  7 kobolds
  3 bats
  2 frilled lizards
  6 rats
47 creatures vanquished.

Notes
Turn   | Place    | Note
-------+----------+-------------------------------------------
     0 | D:1      | Hasart the Octopode Transmuter began the quest for the Orb.
     0 | D:1      | Reached XP level 1. HP: 13/13 MP: 3/3
   404 | D:1      | You fall into a shaft and drop 1 floor!
   408 | D:2      | Reached XP level 2. HP: 18/18 MP: 5/5
   564 | D:2      | Found Jogahe's Magic Scroll Shop.
   570 | D:2      | Found Plog's General Store.
   616 | D:2      | Found Nong's Assorted Antiques.
   732 | D:2      | Noticed Sigmund
   741 | D:2      | Killed Sigmund
   742 | D:2      | Reached XP level 3. HP: 25/25 MP: 6/6
   742 | D:2      | Reached XP level 4. HP: 30/30 MP: 7/7
   742 | D:2      | Reached XP level 5. HP: 35/35 MP: 8/8
   750 | D:2      | Found Qeniteph's Armour Emporium.
   888 | D:2      | Found a faded altar of an unknown god.
  1211 | D:2      | Found Muaddukh's Assorted Antiques.
  1649 | D:3      | Learned a level 2 spell: Wereblood
  1718 | D:3      | Found an ornate altar of the Wu Jian Council.
  1772 | D:3      | Found a shimmering altar of Xom.
  1821 | D:3      | Noticed Ijyb
  1829 | D:3      | Killed Ijyb
  1830 | D:3      | Reached XP level 6. HP: 26/41 MP: 9/9
  2165 | D:3      | Noticed Natasha
  2172 | D:3      | Killed Natasha
  2288 | D:3      | Noticed Natasha
  2294 | D:3      | Killed Natasha
  2375 | D:4      | Noticed Menkaure
  2524 | D:4      | Mangled by Menkaure

Illustrated notes

Levels and vault maps discovered:
D:1:      dpeg_arrival_round_a, layout_basic, minmay_tetromino_t2
D:2:      layout_loops_ring, hellmonk_ecumenical_altar_leap_of_faith,
          serial_shops, nicolae_shop_behind_doors, shop, shop,
          nicolae_shop_behind_doors, shop, uniq_sigmund
D:3:      layout_basic, pdpol_wu_jian_five_deadly_venoms, lemuel_round_altar,
          minivault_23, nicolae_concentric_dashed_squares_wild, uniq_ijyb,
          uniq_natasha
D:4:      layout_cave_pods, nicolae_vehumet_radiance, lemuel_crystal_altar,
          ebering_ghost_sewer_d, uniq_robin, uniq_menkaure

Skill      XL: |  1  2  3  4  5  6 |
---------------+-------------------+-----
Fighting       | 2 3 |  3.0
Maces & Flails | 3 |  3.8
Dodging        | 3 |  3.4
Unarmed Combat | |  3.2
Spellcasting   | |  2.1
Transmutations | |  2.4

Action                   |  1- 3 |  4- 6 || total
-------------------------+-------+-------++-------
Melee: Unarmed           |    19 |       ||    19
       Constrict         |     9 |    15 ||    24
       Tentacles         |     7 |    11 ||    18
       Whip              |    20 |    61 ||    81
       Punch             |     1 |     2 ||     3
 Stab: Sleeping          |     4 |     6 ||    10
Armor: Skin              |     2 |       ||     2
Dodge: Dodged            |    13 |    25 ||    38

Table legend: (Time is in decaauts)
 A = Elapsed time spent in this place.
 B = Non-inter-level travel time spent in this place.
 C = Inter-level travel time spent in this place.
 D = Time resting spent in this place.
 E = Time spent auto-exploring this place.
 F = Levels seen in this place.
 G = Mean time per level.
                   A        B        C        D        E       F      G
               +--------+--------+--------+--------+--------+-----+--------+
         Total |   2519 |   2488 |     31 |    398 |   1780 |   4 |  629.8 |
       Dungeon |   2519 |   2488 |     31 |    398 |   1780 |   4 |  629.8 |
               +--------+--------+--------+--------+--------+-----+--------+

Top non-repeatable levels by time:
     D:3: 1184 daAuts
     D:2: 888 daAuts
     D:1: 403 daAuts
     D:4: 43 daAuts
